 Dungeon Crawl Stone Soup version 0.24.1-14-gf8d2b509d9 (webtiles) character file.

Game seed: 12660128044955212122, levelgen mode: deterministic

3080 Hugehornet the Covert (level 9, -9/51 HPs)
             Began as an Octopode Enchanter on May 20, 2020.
             Was an Initiate of Gozag.
             Mangled by an orc warrior
             ... wielding a +0 halberd
              (15 damage)
             ... on level 7 of the Dungeon.
             The game lasted 00:17:24 (9265 turns).

Hugehornet the Covert (Octopode Enchanter)          Turns: 9265, Time: 00:17:24

Health: -9/51      AC:  1    Str: 12    XL:     9   Next: 89%
Magic:  12/16      EV: 13    Int: 20    God:    Gozag
Gold:   751        SH:  0    Dex: 12    Spells: 6/18 levels left

rFire    . . .     SeeInvis .   p - +5 rapier (protect)
rCold    . . .     Gourm    .   (no shield)
rNeg     . . .     Faith    .   (helmet restricted)
rPois    .         Spirit   .   j - amulet of Pos Foap {+Rage +Fly rElec Str+4}
rElec    +         Reflect  .   (no ring)
rCorr    .         Harm     .   (no ring)
MR       .....                  (no ring)
Stlth    ++++++....             (no ring)
HPRegen  0.17/turn              (no ring)
MPRegen  0.15/turn              (no ring)
                                (no ring)
                                (no ring)

@: no status effects
A: almost no armour, stealthy swim, amphibious, 8 rings, constrict 8, camouflage
1, gelatinous body 1
a: Potion Petition, Call Merchant, Bribe Branch, Renounce Religion, Evoke
Berserk Rage, Evoke Flight


You were on level 7 of the Dungeon.
You worshipped Gozag.
Gozag was pleased with you.
You were not hungry.

You visited 2 branches of the dungeon, and saw 8 of its levels.

You collected 787 gold pieces.
You paid 36 gold pieces to Gozag.

Inventory:

Hand Weapons
 d - a +2 dagger of venom
 p - a +5 rapier of protection (weapon)
Jewellery
 j - the amulet of Pos Foap (around mantle) {+Rage +Fly rElec Str+4}
   (You found it on level 4 of the Dungeon)

   [amulet of rage]

   It affects your strength (+4).
   It insulates you from electricity.
   It lets you fly.
   It lets you go berserk.
Wands
 o - a wand of polymorph (8)
 r - a wand of clouds (7)
 u - a wand of iceblast (1)
Scrolls
 g - 2 scrolls of enchant weapon
 n - 2 scrolls of teleportation
 q - 2 scrolls of immolation {unknown}
 t - 2 scrolls of fear {unknown}
 v - a scroll of magic mapping
 w - a scroll of noise {unknown}
Potions
 a - 2 potions of might
 e - 2 potions of agility
 f - 6 potions of curing
 h - 2 potions of brilliance {unknown}
 i - 3 potions of lignification
 k - a potion of ambrosia {unknown}
 l - a potion of heal wounds {unknown}
 m - 3 potions of flight
 z - a potion of invisibility {unknown}
Comestibles
 c - 13 rations


   Skills:
 - Level 6.1 Short Blades
 - Level 2.0 Dodging
 - Level 12.0 Stealth
 - Level 5.0 Spellcasting
 + Level 5.4 Hexes
 - Level 5.1 Ice Magic


You had 6 spell levels left.
You knew the following spells:

 Your Spells              Type           Power        Failure   Level  Hunger
a - Ensorcelled Hibernat  Hex/Ice        ####..       1%          2    None
b - Confuse               Hex            ####....     3%          3    ##.....
c - Corona                Hex            ####...      1%          1    None
d - Tukima's Dance        Hex            ####....     3%          3    ##.....
e - Dazzling Spray        Conj/Hex       ###...       11%         3    ##.....

Your spell library contained the following spells:

 Spells                   Type           Power        Failure   Level  Hunger


Dungeon Overview and Level Annotations

Branches:
Dungeon (7/15)             Temple (1/1) D:4

Altars:
Ashenzari
Cheibriados
Elyvilon
Fedhas
Gozag
Hepliaklqana
Kikubaaqudgha
Makhleb
Nemelex Xobeh
Okawaru
Qazlal
Ru
Sif Muna
Trog
Uskayaw
Vehumet
Wu Jian
Xom
Yredelemnul
The Shining One


Innate Abilities, Weirdness & Mutations

You cannot wear most types of armour.
You are very stealthy in the water. (Stealth+)
You are amphibious.
You can wear up to eight rings at the same time.
You can use your tentacles to constrict eight enemies at once.
Your skin changes colour to match your surroundings (Stealth+).
Your rubbery body absorbs attacks. (AC +1, EV +1)


Message History

Casting: Ensorcelled Hibernation (safe; 1% risk of failure)
Confirm with . or Enter, or press ? or * to list all spells.
Aiming: Ensorcelled Hibernation (safe; 1% risk of failure)
Press: ? - help, Shift-Dir - straight line, f - orc warrior
Aim: an orc warrior, wielding a +0 halberd and wearing a +0 plate armour (chance to defeat MR: 55%)
The orc warrior resists with significant effort.
You hear a shout!
You hear an angry hiss.
The orc warrior hits you from afar with a +0 halberd!
* * * LOW HITPOINT WARNING * * *
Things that are here:
a +0 war axe; a cursed +0 chain mail
Casting: Ensorcelled Hibernation (safe; 1% risk of failure)
Confirm with . or Enter, or press ? or * to list all spells.
Aiming: Ensorcelled Hibernation (safe; 1% risk of failure)
Press: ? - help, Shift-Dir - straight line, f/p - orc warrior
Aim: an orc warrior, wielding a +0 halberd and wearing a +0 plate armour (chance to defeat MR: 55%)
The orc warrior resists with significant effort.
The orc warrior hits you from afar with a +0 halberd!
You die...
Your body crumbles into a pile of gold.

### #.. ####..
### ###.....
... ........
.. #.....
#o##### #.....
#.o)@.##
##....=
#####).#
#.....# ##.#
##.#..## #.#
##..#.## #.#
####..##.# #.#
#....##..#
#.###.#####.##
#.....# #. #
#..#### #.


You could see an orc warrior and an orc wizard.

Vanquished Creatures
  Grinder (D:3)
  A shadow (D:6)
  Eustachio (D:4)
  A steam dragon (D:5)
  Edmund (D:4)
  A black bear (D:6)
  An orc warrior (D:7)
  A phantom (D:6)
  5 ogres
  3 centaurs
  A big kobold (D:5)
  Blork the orc (D:4)
  2 bullfrogs
  A scorpion (D:6)
  3 wights (D:6)
  A bullfrog zombie (D:6)
  A quasit (D:5)
  A gnoll shaman (D:6)
  A jelly (D:6)
  2 centaur zombies
  6 orc priests
  4 hounds
  5 orc wizards
  6 worker ants
  A worker ant zombie (D:5)
  8 gnolls
  6 adders
  A shadow imp (D:5)
  An ooze (D:6)
  2 adder skeletons
  3 worms
  2 dart slugs
  2 leopard geckos (D:6)
  10 orcs
  5 giant cockroaches
  6 goblins
  8 hobgoblins
  7 jackals
  A quokka (D:2)
  A ball python (D:2)
  6 bats
  A frilled lizard (D:2)
  10 kobolds
  A leopard gecko zombie (D:6)
  3 rats
136 creatures vanquished.

Notes
Turn   | Place    | Note
-------+----------+-------------------------------------------
     0 | D:1      | Hugehornet the Octopode Enchanter began the quest for the
                  | Orb.
     0 | D:1      | Reached XP level 1. HP: 11/11 MP: 3/3
   143 | D:1      | Reached XP level 2. HP: 12/17 MP: 5/5
   303 | D:1      | Reached skill level 5 in Stealth
   307 | D:1      | Learned a level 2 spell: Ensorcelled Hibernation
  1411 | D:1      | Reached XP level 3. HP: 21/21 MP: 6/6
  1437 | D:1      | Learned a level 3 spell: Confuse
  1639 | D:2      | Reached skill level 6 in Stealth
  2099 | D:2      | Found a faded altar of an unknown god.
  2917 | D:3      | Reached XP level 4. HP: 27/27 MP: 7/7
  2947 | D:3      | Noticed Grinder
  2976 | D:3      | Paralysed by Grinder for 6 turns
  3587 | D:4      | Reached skill level 7 in Stealth
  4494 | D:3      | Killed Grinder
  4494 | D:3      | Reached skill level 9 in Stealth
  4494 | D:3      | Reached XP level 5. HP: 26/31 MP: 1/8
  4494 | D:3      | Reached XP level 6. HP: 30/36 MP: 1/9
  5047 | D:4      | Reached skill level 10 in Stealth
  5063 | D:4      | Reached XP level 7. HP: 39/41 MP: 1/10
  5197 | D:4      | Found a shimmering altar of Xom.
  5319 | D:4      | Got a serpentine sapphire amulet
  5320 | D:4      | Identified the amulet of Pos Foap {+Rage +Fly rElec Str+4}
                  | (You found it on level 4 of the Dungeon)
  5347 | D:4      | Found a staircase to the Ecumenical Temple.
  5347 | D:4      | Noticed Edmund
  5378 | D:4      | Killed Edmund
  5403 | Temple   | Entered the Ecumenical Temple
  5484 | Temple   | Became a worshipper of Gozag Ym Sagoz the Greedy
  5966 | D:4      | Noticed Eustachio
  5974 | D:4      | Killed Eustachio
  5974 | D:4      | Reached skill level 5 in Short Blades
  6162 | D:4      | Noticed Blork the orc
  6168 | D:4      | Killed Blork the orc
  6168 | D:4      | Reached XP level 8. HP: 46/46 MP: 4/11
  6472 | D:5      | Entered Level 5 of the Dungeon
  6501 | D:5      | Found an ornate altar of the Wu Jian Council.
  6612 | D:5      | Reached skill level 1 in Ice Magic
  6786 | D:5      | Found a glowing golden altar of the Shining One.
  7186 | D:5      | Learned a level 3 spell: Tukima's Dance
  7190 | D:5      | Learned a level 3 spell: Dazzling Spray
  7553 | D:6      | Reached XP level 9. HP: 26/51 MP: 12/15
  7711 | D:6      | Reached skill level 5 in Hexes
  7988 | D:6      | Reached skill level 5 in Spellcasting
  8002 | D:6      | Reached skill level 11 in Stealth
  8525 | D:6      | Found a sacrificial altar of Ru.
  8715 | D:6      | Reached skill level 12 in Stealth
  9187 | D:7      | Reached skill level 5 in Ice Magic
  9265 | D:7      | Mangled by an orc warrior

Levels and vault maps discovered:
D:1:      elethiomel_arrival_shortcut, layout_basic
D:2:      layout_basic, chequers_ecumenical_altar_simple, serial_glass,
          glass_columns_b, glass_columns_b, glass_columns_a, glass_columns_b,
          glass_columns_c, glass_columns_b, dk_vineyard_1
D:3:      layout_rooms, serial_park_tiny_1, uniq_grinder
D:4:      layout_loops_ring, minmay_temple_entry_stoned_glass, first_ration,
          xom_teletrap_fun, uniq_eustachio, uniq_edmund, uniq_blork_the_orc
D:5:      layout_basic, chequers_temple_overflow_statue_of_worship
D:6:      hangedman_cross_stitches, layout_basic,
          nicolae_ru_the_path_less_chosen
D:7:      layout_rooms, zin_scriptorium
Temple:   dpeg_five_rooms_temple

Skill      XL: |  1  2  3  4  5  6  7  8  9 |
---------------+----------------------------+-----
Stealth        | 5 6 9 10 12 | 12.0
Short Blades   | 3 6 |  6.1
Ice Magic      | 4 5 |  5.1
Hexes          | 4 5 |  5.4
Spellcasting   | 4 5 |  5.0
Dodging        | |  2.0

Action                   |  1- 3 |  4- 6 |  7- 9 || total
-------------------------+-------+-------+-------++-------
Melee: Dagger            |    63 |    51 |    65 ||   179
       Constrict         |    15 |    11 |    22 ||    48
       Tentacles         |     6 |     7 |    23 ||    36
       Rapier            |       |       |    79 ||    79
 Cast: Confuse           |       |     6 |     5 ||    11
       Ensorcelled Hiber |       |    17 |    43 ||    60
       Corona            |       |       |     2 ||     2
  Use: Scroll            |     4 |     2 |     6 ||    12
       Potion            |       |     1 |       ||     1
 Stab: Sleeping          |    15 |     9 |    41 ||    65
       Confused          |       |     2 |     2 ||     4
       Distracted        |       |       |     3 ||     3
  Eat: Chunk             |     5 |     3 |     2 ||    10
       Ration            |       |     2 |     4 ||     6
Armor: Skin              |     6 |       |    13 ||    19
Dodge: Dodged            |    31 |    42 |    71 ||   144
